 Dungeon Crawl Stone Soup version 0.20-a0-1109-ge3cd172 (webtiles) character file.

228636 Firecrotchwizard the Scorcher (level 18, -9/139 HPs)
             Began as a Red Draconian Fire Elementalist on May 5, 2017.
             Was the Champion of Vehumet.
             Killed from afar by Bai Suzhen (59 damage)
             ... with a torrent of water
             ... on level 3 of the Spider Nest.
             The game lasted 04:13:47 (51778 turns).

Firecrotchwizard the Scorcher (DrFE)               Turns: 51778, Time: 04:13:47

Health: -9/139     AC: 19    Str: 16    XL:     18   Next: 71%
Magic:  0/37       EV: 16    Int: 22    God:    Vehumet [******]
Gold:   424        SH:  9    Dex: 14    Spells: 11/47 levels left

rFire    + + +     SeeInvis .   Q - +2 hunting sling (flame)
rCold    . . .     Gourm    +   K - +3 buckler {rC+}
rNeg     . . .     Faith    .   (armour unavailable)
rPois    +         Spirit   .   N - +2 hat {MR+}
rElec    +         Reflect  .   Y - +0 cloak of Disappointment {rElec Str+2 Dex+2 Stlth-}
rCorr    .         Harm     .   k - +2 pair of gloves
MR       ++...                  p - +2 pair of boots
Stlth    +.........             v - amulet of the gourmand {Gourm, !d}
Regen    0.4/turn               w - ring of fire {rF+, rC-}
MPRegen  0.3/turn               s - ring of Ynaiguxel {rPois rF+ Str+2}

@: no status effects
A: breathe fire, unfitting armour, fire resistance 1, cold-blooded, AC +10
}: 1/15 runes: decaying
a: Breathe Fire, Renounce Religion


You were on level 3 of the Spider Nest.
You worshipped Vehumet.
Vehumet was exalted by your worship.
You were not hungry.

You visited 5 branches of the dungeon, and saw 30 of its levels.
You also visited: Ice Cave.

You collected 2498 gold pieces.
You spent 2074 gold pieces at shops.

Inventory:

Hand Weapons
 Q - a +2 hunting sling of flaming (weapon)
   (You bought it in a shop on level 9 of the Dungeon)
Missiles
 i - 825 stones
 l - 132 sling bullets (quivered)
Armour
 k - a +2 pair of gloves (worn)
   (You bought it in a shop on level 2 of the Orcish Mines)
 p - a +2 pair of boots (worn)
   (You found it on level 2 of the Dungeon)
 K - a +3 buckler of cold resistance (worn)
   (You found it on level 1 of the Spider Nest)
 N - a +2 hat of magic resistance (worn)
   (You took it off Gastronok on level 3 of the Lair of Beasts)
 Y - the +0 cloak of Disappointment (worn) {rElec Str+2 Dex+2 Stlth-}
   (You bought it in a shop on level 2 of the Orcish Mines)

   It affects your strength (+2).
   It affects your dexterity (+2).
   It insulates you from electricity.
   It makes you less stealthy.
Jewellery
 o - a +5 ring of intelligence
   (You took it off a spriggan on level 3 of the Swamp)
 s - the ring of Ynaiguxel (right hand) {rPois rF+ Str+2}
   (You found it in an ice cave)

   [ring of poison resistance]

   It affects your strength (+2).
   It protects you from fire.
   It protects you from poison.
 v - an amulet of the gourmand (around neck) {Gourm, !d}
   (You found it on level 2 of the Dungeon)
 w - a ring of fire (left hand) {rF+, rC-}
   (You found it on level 2 of the Dungeon)
 y - an uncursed ring of wizardry {Wiz+, !d}
   (You found it on level 1 of the Spider Nest)
 A - an uncursed ring of positive energy {rN+}
   (You took it off an orc on level 3 of the Dungeon)
 E - an uncursed ring of protection from magic {MR+, !d}
   (You took it off an orc wizard on level 3 of the Dungeon)
 L - an uncursed ring of protection from cold {rC+, !d}
   (You found it on level 2 of the Lair of Beasts)
 U - an uncursed ring of flight {+Fly, !d}
   (You found it on level 1 of the Lair of Beasts)
Wands
 e - a wand of scattershot (0/9)
   (You bought it in a shop on level 9 of the Dungeon)
 q - a wand of digging (22/24)
   (You found it on level 3 of the Lair of Beasts)
 G - a wand of iceblast (6/15)
   (You took it off a wight on level 13 of the Dungeon)
Scrolls
 b - 5 scrolls of fog
 f - 7 scrolls of magic mapping {!r}
 h - 13 scrolls of teleportation
 D - 2 scrolls of blinking {!r}
 O - 2 scrolls of identify
 S - a scroll of summoning
 T - 4 scrolls of amnesia
 X - 9 scrolls of remove curse
Potions
 c - 11 potions of curing
 g - 10 potions of flight
 j - 5 potions of might
 m - 6 potions of brilliance
 n - 5 potions of invisibility
 x - 2 potions of ambrosia
 z - a potion of haste
 B - 3 potions of cancellation
 C - 8 potions of mutation {!q}
Books
 a - a book of Flames
 u - a book of Ice
   (You found it in an ice cave)
 J - a book of Misfortune
   (You found it on level 4 of the Dungeon)
 P - a book of Party Tricks
   (You found it on level 10 of the Dungeon)
 V - a book of Fire
   (You found it on level 1 of the Swamp)
 Z - a book of Enchantments
   (You found it on level 5 of the Lair of Beasts)
Miscellaneous
 t - a box of beasts
 F - a lamp of fire (inert)
   (You found it on level 10 of the Dungeon)
 M - a crystal ball of energy
   (You bought it in a shop on level 2 of the Orcish Mines)
 R - a fan of gales (inert)
   (You found it on level 3 of the Lair of Beasts)
 W - a sack of spiders
Comestibles
 I - 15 meat rations {@e2}


   Skills:
 - Level 7.4 Fighting
 - Level 6.6 Dodging
 - Level 1.7 Stealth
 - Level 7.1 Shields
 + Level 15.0 Spellcasting
 * Level 16.9 Conjurations
 * Level 19.5 Fire Magic
 - Level 13.9 Evocations


You had 11 spell levels left.
You knew the following spells:

 Your Spells              Type           Power        Failure   Level  Hunger
a - Flame Tongue          Conj/Fire      #####        0%          1    None
b - Orb of Destruction    Conj           ######....   1%          7    ######.
c - Bolt of Fire          Conj/Fire      #######...   1%          6    #####..
d - Fire Storm            Conj/Fire      #######...   34%         9    #######
f - Fireball              Conj/Fire      #######...   1%          5    ###....
s - Sticky Flame          Conj/Fire      #######.     0%          4    None
x - Mephitic Cloud        Conj/Pois/Air  #####...     1%          3    None
B - Summon Butterflies    Summ           ###.....     3%          1    None


Dungeon Overview and Level Annotations

Branches:
Dungeon (15/15)            Temple (0/1) D:4            Lair (6/6) D:11
  Swamp (4/4) Lair:4       Spider (3/4) Lair:3        Slime (0/5) Lair:6
    Orc (2/2) D:12            Elf (0/3) Orc:2        Vaults (0/5) D:13
 Depths (0/5) D:15

Altars:
Ashenzari
Cheibriados
Elyvilon
Fedhas
Hepliaklqana
Kikubaaqudgha
Okawaru
Qazlal
Ru
Sif Muna
Trog
Uskayaw
Vehumet
Wu Jian
Zin
The Shining One
Beogh

Shops:
D:9 }=}(   D:11 %   D:13 ?   Orc:2 }:?[!

Portals:
Pandemonium: Orc:2

Annotations:
D:4 espais's ghost, amateur GrFi
D:5 Chaoticas's ghost, novice MfIE
D:10 3 runed doors, exclusions: sphinx and ugly thing
Spider:3 Arachne; Bai Suzhen


Innate Abilities, Weirdness & Mutations

You can breathe blasts of fire.
Your fiery red scales are hard. (AC +10)
You cannot fit into any form of body armour.
Your flesh is heat resistant. (rF+)
You are cold-blooded and may be slowed by cold attacks.


Message History

You feel a surge of power!
The bolt of fire hits the demonic crawler.
The demonic crawler resists.
The demonic crawler gives a hideous shriek!
You now have 31/37 mp.
Aim: a demonic crawler (heavily wounded, clinging)
You feel a surge of power!
The bolt of fire hits the demonic crawler.
The demonic crawler resists.
You now have 25/37 mp.
Aim: a demonic crawler (almost dead, clinging)
You feel a surge of power!
The bolt of fire hits the demonic crawler.
The demonic crawler resists.
You kill the demonic crawler!
Vehumet accepts your kill.
You now have 19/37 mp.
You start resting.
MP restored: 37 You see here a demonic crawler corpse.
You see here a dagger.
There is a stone staircase leading down here.
You climb downwards.
Level annotation: Arachne; Bai Suzhen
There is a stone staircase leading up, spattered with blood here.
Aim: Bai Suzhen, wielding a quarterstaff of speed You feel a surge of power!
The bolt of fire hits Bai Suzhen.
You block the redback's attack.
You now have 31/37 mp.
Aim: Bai Suzhen, wielding a quarterstaff of speed (moderately wounded)
The redback completely misses you. The redback closely misses you.
You now have 24/37 mp.
Aim: Bai Suzhen, wielding a quarterstaff of speed (moderately wounded)
The wavering orb of destruction weakly hits Bai Suzhen.
The redback bites you but does no damage.
Bai Suzhen hits you but does no damage. Bai Suzhen tail-slaps you.
You take 6 damage, and have 133/139 hp.
You now have 17/37 mp.
Aim: Bai Suzhen, wielding a quarterstaff of speed (moderately wounded)
The wavering orb of destruction weakly hits Bai Suzhen.
The redback misses you. The redback bites you.
You are poisoned.
The redback poisons you!
Bai Suzhen hits you with a quarterstaff of speed!
You block Bai Suzhen's attack.
You take 14 damage, and have 119/139 hp.
You now have 11/37 mp.
Aim: Bai Suzhen, wielding a quarterstaff of speed (heavily wounded)
You feel a surge of power!
The bolt of fire hits Bai Suzhen.
Bai Suzhen roars in fury and transforms into a fierce dragon!
A violent storm begins to rage around Bai Suzhen.
You are standing in a thunderstorm.
You feel very sick. The redback barely misses you. Bai Suzhen bites you!
Bai Suzhen claws you. Bai Suzhen tramples you.
You hold your ground!
You take 27 damage, and have 92/139 hp.
You now have 5/37 mp.
That's the wrong kind of item! (Use * to select it.)
Okay, then.
You reach into the bag... ...but nothing happens.
You are standing in a thunderstorm.
You feel very sick. You block the redback's attack.
The redback closely misses you. Bai Suzhen bites you!!
Bai Suzhen closely misses you. Bai Suzhen barely misses you.
You take 26 damage, and have 66/139 hp.
You feel better.
You are standing in a thunderstorm.
The redback closely misses you. Bai Suzhen misses you.
You block Bai Suzhen's attack. Bai Suzhen tramples you!
You hold your ground!
You regained 2 hp, and now have 68/139 hp.
You open the lid... ...and a mature shockweird beast leaps out!
You are standing in a thunderstorm.
The redback closely misses you.
The redback is struck by lightning.
The redback bites you but does no damage.
Bai Suzhen inspects her gathered herbal reagents.
Bai Suzhen bites you but does no damage.
Bai Suzhen claws you.
Bai Suzhen tramples you but does no damage.
You hear an angry hiss. x5
You take 3 damage, and have 65/139 hp.
Aim: Bai Suzhen (severely wounded)
You feel a surge of power!
The bolt of fire hits Bai Suzhen.
The redback bites you.
Your mature shockweird beast is struck by lightning.
Your mature shockweird beast hits Bai Suzhen.
Bai Suzhen bites you.
Bai Suzhen claws you but does no damage.
Bai Suzhen tramples you but does no damage.
You hear an angry hiss.
You take 8 damage, and have 57/139 hp.
You now have 0/37 mp.
You are too injured to fight recklessly!
Aim: Bai Suzhen (almost dead)
You shoot a sling bullet.
The sling bullet hits Bai Suzhen but does no damage.
You are standing in a thunderstorm.
You are struck by lightning!
You resist.
The redback is struck by lightning.
The redback dies!
Your mature shockweird beast hits Bai Suzhen but does no damage.
Bai Suzhen breathes water at you. The torrent of water hits you!
You die...

#####^)...#.^..............
#.^#^...####...............
##.....##.§##......^.......
#.....#....##.......^.....
##..........##............
#............#....†.......
##...........#............
#≈^≈≈..##..........##.#..
####≈..#@§§.^.....##≈≈#..
#≈###§D..#.....≈#≈....
##....H§.#....≈≈≈≈...#
#..........##≈##≈≈..§.
##...#..#..#####≈.....
###..^.#### #H.....
#......... ##<....
##........# #(s...
#...#^#..^#......^...


You could see Bai Suzhen and a friendly mature shockweird beast.

Vanquished Creatures
  Jorgrun (Swamp:3)
  Gastronok (Lair:3)
  Frances (Swamp:1)
  4 thorn hunters
  Donald (Spider:3)
  Aizul (Swamp:4)
  A frost giant (IceCv)
  An emperor scorpion (Spider:2)
  Nessos (D:15)
  6 entropy weavers
  Azrael (D:15)
  Fannar (D:12)
  Josephine (D:15)
  A ghost crab (Swamp:2)
  An ice dragon (D:12)
  28 hydras
  An ogre mage (D:13)
  A centaur warrior (D:15)
  10 two-headed ogres
  15 alligators
  14 death yaks
  A queen ant (Lair:6)
  3 orc high priests (Orc:2)
  Urug (D:11)
  Sonja (D:11)
  2 skeletal warriors (D:15)
  2 sixfirhies (Orc:2)
  9 swamp dragons
  3 unseen horrors
  2 spriggan druids
  2 gelid demonspawn (Orc:2)
  A torturous demonspawn (Orc:2)
  5 shambling mangroves
  A flayed ghost (D:15)
  3 lindwurms (Swamp:4)
  7 orc knights
  A necromancer (D:15)
  25 wolf spiders
  A harpy (shapeshifter) (D:15)
  9 orc sorcerers
  A wolf spider zombie (D:15)
  A deep elf mage (D:14)
  23 orb spiders
  3 manticores
  26 slime creatures
  A frost giant zombie (D:15)
  12 ugly things
  A cyclops (D:12)
  A stone giant zombie (D:15)
  A moth of wrath (Spider:3)
  11 black mambas
  4 elephants (Lair:5)
  2 ice statues
  2 gargoyles
  4 torpor snails
  A guardian serpent (Lair:6)
  31 spiny frogs
  An orange demon (Orc:2)
  4 yaktaurs (D:13)
  4 rime drakes
  6 efreet
  14 komodo dragons
  9 demonic crawlers
  A hellwing (Orc:2)
  36 jumping spiders
  5 trolls
  4 tyrant leeches
  17 polar bears
  A red devil (Orc:2)
  9 bog bodies
  17 hornets
  11 blink frogs
  17 dream sheep
  A deep troll zombie (D:15)
  7 hippogriffs
  An ettin skeleton (D:15)
  54 redbacks
  9 spriggans
  21 tarantellas
  5 wraiths
  A shadow (Swamp:2)
  7 basilisks
  14 wyverns
  71 yaks
  2 fire elementals (D:15)
  2 steam dragons
  3 hungry ghosts
  9 vampire mosquitoes
  5 wargs
  18 swamp worms
  18 insubstantial wisps
  10 soldier ants (Lair:6)
  3 hell hounds (D:15)
  2 acid dragons
  21 water moccasins
  5 porcupines
  8 swamp drakes
  2 black bears
  7 ice beasts
  6 sky beasts
  33 orc warriors
  2 eyes of draining
  2 necrophages
  15 ogres
  A boggart (D:13)
  10 centaurs
  28 wolves
  12 crocodiles
  4 big kobolds (D:13)
  19 bullfrogs
  A gnoll sergeant (D:9)
  2 wyvern skeletons
  5 scorpions
  7 killer bees
  19 wights
  5 electric eels
  5 howler monkeys
  2 jellies
  3 vampire bats (Orc:2)
  11 crimson imps
  2 quasits
  3 centaur zombies
  6 hounds
  30 orc priests
  A bullfrog skeleton (D:12)
  26 orc wizards
  7 centaur skeletons
  2 iguanas
  26 worker ants
  A hound zombie (D:9)
  A worker ant zombie (D:11)
  6 gnolls
  A howler monkey zombie (D:5)
  19 adders
  3 shadow imps
  3 white imps (D:12)
  An ooze (D:1)
  An adder zombie (D:10)
  An adder skeleton (D:9)
  3 worms
  2 dart slugs
  6 leopard geckos
  90 orcs
  4 ball pythons
  12 bats
  5 giant cockroaches
  10 goblins
  4 hobgoblins
  9 jackals (D:4)
  4 quokkas
  6 frilled lizards
  A jackal skeleton (D:4)
  13 kobolds
  2 quokka skeletons
  A quokka zombie (D:6)
  5 rats
  A fire vortex (Spider:3)
  A withered plant (D:15)
1269 creatures vanquished.

Vanquished Creatures (collateral kills)
  An emperor scorpion (Spider:2)
  An alligator (Swamp:3)
  2 torpor snails
  A demonic crawler (Spider:2)
  3 jumping spiders (Spider:2)
  2 slime creatures (Swamp:3)
  4 redbacks (Spider:1)
  A tarantella (Spider:1)
15 creatures vanquished.

Vanquished Creatures (others)
  Nikola (Swamp:2)
  A spiny frog (Swamp:2)
  A tyrant leech (Swamp:1)
  A redback (Spider:3)
  A bush (Lair:6)
  9 fire vortices
  10 fungi
  30 plants
54 creatures vanquished.

Grand Total: 1338 creatures vanquished

Notes
Turn   | Place    | Note
-------+----------+-------------------------------------------
     0 | D:1      | Firecrotchwizard the Draconian Fire Elementalist began the quest for the Orb.
     0 | D:1      | Reached XP level 1. HP: 14/14 MP: 3/3
   100 | D:1      | Found a shattered altar of Ashenzari.
   417 | D:1      | Reached XP level 2. HP: 18/20 MP: 0/5
   737 | D:1      | Reached skill level 2 in Conjurations
  1327 | D:1      | Reached XP level 3. HP: 26/26 MP: 6/6
  1586 | D:2      | Found a faded altar of an unknown god.
  1676 | D:2      | Found a radiant altar of Vehumet.
  2174 | D:3      | Noticed a necrophage
  2181 | D:3      | Killed a necrophage
  2181 | D:3      | Reached skill level 3 in Conjurations
  2181 | D:3      | Reached XP level 4. HP: 33/33 MP: 8/8
  2181 | D:3      | Reached XP level 5. HP: 38/38 MP: 9/9
  2342 | D:3      | Found a snail-covered altar of Cheibriados.
  2414 | D:3      | Reached skill level 3 in Spellcasting
  2735 | D:3      | Reached skill level 4 in Fire Magic
  2820 | D:2      | Became a worshipper of Vehumet
  3007 | D:3      | Learned a level 4 spell: Sticky Flame
  3013 | D:3      | Learned a level 5 spell: Fireball
  3045 | D:3      | Noticed an ogre
  3054 | D:3      | Killed an ogre
  3054 | D:3      | Reached skill level 4 in Conjurations
  3054 | D:3      | Reached XP level 6. HP: 29/45 MP: 10/10
  3435 | D:3      | Found a hide-covered altar of Uskayaw.
  3498 | D:4      | Found a hazy altar of Hepliaklqana.
  3558 | D:4      | Found a staircase to the Ecumenical Temple.
  3823 | D:4      | Reached * piety under Vehumet
  3823 | D:4      | Offered knowledge of Freeze by Vehumet.
  3906 | D:4      | Noticed espais's ghost (amateur GrFi)
  3962 | D:4      | Found a bloodstained altar of Trog.
  4199 | D:4      | Found an iron altar of Okawaru.
  4290 | D:5      | Entered Level 5 of the Dungeon
  4290 | D:5      | Found a stormy altar of Qazlal.
  4290 | D:5      | Noticed a fire elemental
  4296 | D:5      | Reached skill level 5 in Conjurations
  4344 | D:5      | Noticed an air elemental
  4344 | D:5      | Noticed a water elemental
  4391 | D:5      | Reached skill level 5 in Fire Magic
  4391 | D:5      | Your scales start taking on a fiery red colour.
  4391 | D:5      | Reached skill level 6 in Fire Magic
  4391 | D:5      | Reached XP level 7. HP: 50/50 MP: 12/12
  4391 | D:5      | Gained mutation: Your flesh is heat resistant. (rF+) [Red Draconian growth]
  4539 | D:5      | HP: 12/50 [poisoned by a scorpion]
  4546 | D:5      | HP: 9/50 [poisoned by a scorpion]
  4553 | D:5      | HP: 8/50 [poisoned by a scorpion]
  4581 | D:5      | HP: 9/50 [crimson imp (3)]
  4931 | D:5      | Noticed Chaoticas's ghost (novice MfIE)
  5475 | D:6      | Reached skill level 6 in Conjurations
  5475 | D:6      | Reached skill level 7 in Fire Magic
  5638 | D:6      | Reached skill level 4 in Spellcasting
  5660 | D:6      | Found a white marble altar of Elyvilon.
  5890 | D:5      | Reached XP level 8. HP: 57/57 MP: 13/14
  6050 | D:7      | Reached ** piety under Vehumet
  6313 | D:7      | Offered knowledge of Throw Frost by Vehumet.
  6492 | D:7      | Reached skill level 8 in Fire Magic
  6622 | D:7      | Found a glowing silver altar of Zin.
  6624 | D:7      | Found an ornate altar of the Wu Jian Council.
  6923 | D:7      | Reached skill level 7 in Conjurations
  7037 | D:7      | Found a sacrificial altar of Ru.
  7305 | D:8      | Reached skill level 9 in Fire Magic
  7368 | D:8      | Found an ancient bone altar of Kikubaaqudgha.
  7412 | D:8      | Noticed a two-headed ogre
  7421 | D:8      | HP: 13/57 [two-headed ogre/dire flail (16)]
  7426 | D:8      | Killed a two-headed ogre
  7426 | D:8      | Reached skill level 5 in Spellcasting
  7426 | D:8      | Reached skill level 8 in Conjurations
  7426 | D:8      | Reached XP level 9. HP: 14/62 MP: 9/16
  7692 | D:8      | Reached skill level 1 in Shields
  7728 | D:8      | Offered knowledge of Mephitic Cloud by Vehumet.
  7733 | D:8      | Reached skill level 2 in Shields
  7757 | D:8      | Learned a level 3 spell: Mephitic Cloud
  7881 | D:8      | Reached skill level 3 in Shields
  8086 | D:8      | Noticed a two-headed ogre
  8096 | D:8      | Killed a two-headed ogre
  8096 | D:8      | Reached *** piety under Vehumet
  8096 | D:8      | Reached skill level 6 in Shields
  8861 | D:8      | Reached skill level 7 in Shields
  8861 | D:8      | Reached XP level 10. HP: 41/69 MP: 13/17
  9012 | D:8      | Found a deep blue altar of Sif Muna.
  9073 | D:8      | Reached skill level 2 in Dodging
  9168 | D:8      | Noticed a two-headed ogre
  9181 | D:8      | Killed a two-headed ogre
  9181 | D:8      | Reached skill level 2 in Fighting
  9490 | D:9      | Offered knowledge of Olgreb's Toxic Radiance by Vehumet.
  9579 | D:9      | Reached skill level 3 in Dodging
  9628 | D:9      | Reached skill level 6 in Spellcasting
  9676 | D:9      | Found Ewod's Antique Weapon Boutique.
  9681 | D:9      | Reached skill level 3 in Fighting
  9770 | D:9      | Bought a runed hunting sling for 121 gold pieces
  9785 | D:9      | Reached **** piety under Vehumet
  9785 | D:9      | Reached skill level 4 in Fighting
  9857 | D:9      | Reached skill level 4 in Dodging
  9965 | D:9      | Found Mycved's Gadget Shop.
  9969 | D:9      | Bought a wand of scattershot (4/9) for 312 gold pieces
 10043 | D:9      | Offered knowledge of Lightning Bolt by Vehumet.
 10141 | D:9      | Found Con Vuho's Jewellery Emporium.
 10178 | D:9      | Found Qasch's Gadget Boutique.
 10456 | D:10     | Entered Level 10 of the Dungeon
 10673 | D:10     | Found a runed door.
 10674 | D:10     | Noticed an ettin
 10674 | D:10     | Noticed a sphinx
 10722 | D:10     | Noticed an orc warlord
 10722 | D:10     | Noticed a deep elf archer
 10722 | D:10     | Noticed a flayed ghost
 10735 | D:10     | Found a runed door.
 10735 | D:10     | Noticed a yaktaur captain
 10848 | D:10     | Noticed a red ugly thing
 10882 | D:10     | Found a runed door.
 10883 | D:10     | Noticed a yaktaur captain
 10993 | D:10     | Reached skill level 7 in Spellcasting
 10996 | D:10     | Reached skill level 5 in Fighting
 11210 | D:10     | Noticed an unseen horror
 11217 | D:10     | Killed an unseen horror
 11217 | D:10     | Reached skill level 5 in Dodging
 11355 | D:10     | Learned a level 1 spell: Summon Butterflies
 11369 | D:10     | Reached XP level 11. HP: 88/88 MP: 14/21
 12072 | D:11     | Noticed Urug
 12087 | D:11     | Killed Urug
 12087 | D:11     | Reached skill level 6 in Fighting
 12419 | D:11     | Noticed a cyan ugly thing
 12431 | D:11     | Killed a cyan ugly thing
 12431 | D:11     | Reached skill level 6 in Dodging
 12605 | D:11     | Reached skill level 8 in Spellcasting
 12787 | D:11     | Found Asook's Food Boutique.
 12793 | D:11     | Noticed a two-headed ogre
 12806 | D:11     | HP: 18/91 [two-headed ogre/giant club (12)]
 12807 | D:11     | Killed a two-headed ogre
 12807 | D:11     | Reached skill level 7 in Fighting
 13106 | D:11     | Noticed a two-headed ogre
 13114 | D:11     | Killed a two-headed ogre
 13302 | D:11     | Found a staircase to the Lair.
 13381 | D:11     | Noticed Sonja
 13390 | D:11     | Killed Sonja
 13390 | D:11     | Reached skill level 10 in Fire Magic
 13390 | D:11     | Reached skill level 1 in Evocations
 13511 | D:11     | Noticed a green ugly thing
 13527 | D:11     | Killed a green ugly thing
 13796 | Lair:1   | Entered Level 1 of the Lair of Beasts
 13807 | D:11     | Reached ***** piety under Vehumet
 14042 | D:11     | Noticed a white ugly thing
 14061 | D:11     | Killed a white ugly thing
 14061 | D:11     | Reached skill level 2 in Evocations
 14125 | D:11     | Offered knowledge of Fulminant Prism by Vehumet.
 14588 | Lair:1   | Reached skill level 3 in Evocations
 14588 | Lair:1   | Reached XP level 12. HP: 87/100 MP: 23/24
 14707 | Lair:1   | Reached skill level 9 in Conjurations
 14823 | Lair:1   | Reached skill level 9 in Spellcasting
 15045 | Lair:1   | Noticed a five-headed hydra
 15049 | Lair:1   | Killed a five-headed hydra
 15049 | Lair:1   | Reached skill level 4 in Evocations
 15141 | Lair:1   | Reached skill level 11 in Fire Magic
 15282 | Lair:1   | HP: 17/100 [black mamba (12)]
 15960 | Lair:2   | Reached skill level 5 in Evocations
 16198 | Lair:2   | Got a crystal hand crossbow
 16672 | Lair:3   | Noticed Gastronok
 16684 | Lair:3   | Killed Gastronok
 16684 | Lair:3   | Reached skill level 10 in Conjurations
 16919 | Lair:3   | Found a hole to the Spider Nest.
 17164 | Lair:3   | Reached skill level 10 in Spellcasting
 17551 | Lair:4   | Reached skill level 6 in Evocations
 17568 | Lair:4   | Reached skill level 12 in Fire Magic
 17664 | Lair:4   | Reached XP level 13. HP: 43/105 MP: 26/27
 17902 | Lair:4   | Found a staircase to the Swamp.
 18846 | Lair:5   | Offered knowledge of Orb of Destruction by Vehumet.
 18914 | Lair:5   | Learned a level 7 spell: Orb of Destruction
 19848 | Lair:6   | Entered Level 6 of the Lair of Beasts
 20032 | Lair:6   | Reached skill level 7 in Evocations
 20240 | Lair:6   | Reached skill level 11 in Conjurations
 20482 | Lair:6   | Reached skill level 13 in Fire Magic
 20951 | Lair:6   | Reached skill level 11 in Spellcasting
 21089 | Lair:6   | Reached skill level 8 in Evocations
 21205 | Lair:6   | Noticed an entropy weaver
 21217 | Lair:5   | HP: 25/105 [poisoned by a redback]
 21218 | Lair:5   | Killed an entropy weaver
 21601 | Lair:6   | Noticed an entropy weaver
 21612 | Lair:6   | Killed an entropy weaver
 21612 | Lair:6   | Reached XP level 14. HP: 94/113 MP: 19/29
 22031 | Lair:6   | Offered knowledge of Bolt of Fire by Vehumet.
 22206 | Lair:5   | Learned a level 6 spell: Bolt of Fire
 22702 | Lair:6   | Reached skill level 14 in Fire Magic
 22811 | Lair:6   | Reached skill level 9 in Evocations
 22967 | Lair:5   | HP: 28/113 [yak (10)]
 23322 | Lair:6   | Reached skill level 12 in Conjurations
 23577 | Lair:6   | Found a staircase to the Slime Pits.
 25208 | D:12     | Noticed Fannar
 25215 | D:12     | Killed Fannar
 25723 | D:12     | Reached skill level 12 in Spellcasting
 25973 | D:12     | Found a staircase to the Orcish Mines.
 26271 | D:12     | Reached skill level 10 in Evocations
 26535 | D:12     | Offered knowledge of Iron Shot by Vehumet.
 26971 | D:13     | Reached XP level 15. HP: 118/118 MP: 31/31
 27282 | D:13     | Found Hoebb's Magic Scroll Shop.
 27299 | D:13     | Bought a scroll of teleportation for 54 gold pieces
 27299 | D:13     | Bought a scroll of identify for 36 gold pieces
 27299 | D:13     | Bought a scroll of identify for 36 gold pieces
 27299 | D:13     | Bought a scroll of recharging for 171 gold pieces
 27299 | D:13     | Bought a scroll of enchant armour for 135 gold pieces
 27604 | D:13     | Reached skill level 15 in Fire Magic
 27746 | D:13     | Reached ****** piety under Vehumet
 28227 | D:13     | Found a gate to the Vaults.
 28557 | D:13     | Found a glowing golden altar of the Shining One.
 28617 | D:14     | Found a blossoming altar of Fedhas.
 28786 | D:14     | Offered knowledge of Conjure Ball Lightning by Vehumet.
 29448 | D:14     | Reached skill level 13 in Conjurations
 29556 | D:15     | Entered Level 15 of the Dungeon
 29567 | D:15     | Noticed Nessos
 29569 | D:15     | Killed Nessos
 29637 | D:15     | Noticed Josephine
 29969 | D:15     | Noticed Azrael
 30014 | D:15     | HP: 20/118 [Azrael/damnation (28)]
 30030 | D:15     | Killed Azrael
 30270 | D:15     | Found a staircase to the Depths.
 30445 | D:15     | Reached skill level 11 in Evocations
 31101 | D:15     | Killed Josephine
 31513 | D:15     | Offered knowledge of Ozocubu's Refrigeration by Vehumet.
 31768 | Orc:1    | Entered Level 1 of the Orcish Mines
 31807 | Orc:1    | Found a frozen archway.
 31882 | IceCv    | Entered an ice cave
 32309 | IceCv    | Reached skill level 13 in Spellcasting
 32439 | IceCv    | Reached skill level 16 in Fire Magic
 32816 | IceCv    | Noticed a frost giant
 32818 | IceCv    | Reached XP level 16. HP: 126/126 MP: 33/33
 32833 | IceCv    | Offered knowledge of Freezing Cloud by Vehumet.
 33005 | IceCv    | Got a glittering bone ring
 33007 | IceCv    | Identified the ring of Ynaiguxel {rPois rF+ Str+2} (You found it in an ice cave)
 33440 | Orc:1    | Found a roughly hewn altar of Beogh.
 33653 | Orc:2    | Entered Level 2 of the Orcish Mines
 33750 | Orc:2    | Found a staircase to the Elven Halls.
 33813 | Orc:2    | Found a roughly hewn altar of Beogh.
 34159 | Orc:2    | Offered knowledge of Fire Storm by Vehumet.
 34159 | Orc:2    | Offered knowledge of Shatter by Vehumet.
 34159 | Orc:2    | Offered knowledge of Ignition by Vehumet.
 34170 | Orc:2    | Learned a level 9 spell: Fire Storm
 34174 | Orc:2    | Found Udimpiz's Distillery.
 34185 | Orc:2    | Found Qugu's Magic Scroll Shoppe.
 34355 | Orc:2    | Bought a potion of heal wounds for 70 gold pieces
 34355 | Orc:2    | Bought a potion of curing for 42 gold pieces
 34355 | Orc:2    | Bought a potion of curing for 42 gold pieces
 34355 | Orc:2    | Bought a potion of heal wounds for 70 gold pieces
 34355 | Orc:2    | Bought a potion of heal wounds for 70 gold pieces
 34355 | Orc:2    | Bought 2 potions of curing for 84 gold pieces
 34357 | Orc:2    | Bought a scroll of teleportation for 45 gold pieces
 34357 | Orc:2    | Bought a scroll of teleportation for 45 gold pieces
 34357 | Orc:2    | Bought a scroll of teleportation for 45 gold pieces
 34704 | Orc:2    | Reached skill level 12 in Evocations
 34769 | Orc:2    | Reached skill level 14 in Conjurations
 35089 | Orc:2    | Found Uwyh's Book Shop.
 35089 | Orc:2    | Found Asir Fugi's Antique Armour Boutique.
 35089 | Orc:2    | Found a one-way gate leading to the halls of Pandemonium.
 35107 | Orc:2    | Bought a steaming cloak for 199 gold pieces
 35107 | Orc:2    | Bought a pair of glowing gloves for 157 gold pieces
 35112 | Orc:2    | Identified the +0 cloak of Disappointment {rElec Str+2 Dex+2 Stlth-} (You bought it in a shop on level 2 of the Orcish Mines)
 35419 | Orc:2    | Found Ciobryiph's Gadget Shoppe.
 35773 | Orc:2    | Bought a crystal ball of energy for 340 gold pieces
 35778 | Orc:2    | Found a roughly hewn altar of Beogh.
 36124 | Swamp:1  | Entered Level 1 of the Swamp
 36268 | Swamp:1  | Noticed Frances
 36274 | Swamp:1  | Killed Frances
 37013 | Swamp:1  | Paralysed by a hornet for 2 turns
 37215 | Swamp:1  | HP: 27/126 [alligator (5)]
 37271 | Swamp:1  | HP: 30/126 [spiny frog (14)]
 37296 | Swamp:1  | HP: 25/126 [slime creature (18)]
 37296 | Swamp:1  | HP: 10/126 [slime creature (15)]
 38036 | Swamp:1  | Reached skill level 17 in Fire Magic
 39105 | Swamp:2  | Noticed Nikola
 39118 | Swamp:2  | Killed Nikola
 39537 | Swamp:2  | Reached XP level 17. HP: 127/132 MP: 24/34
 40004 | Swamp:3  | Noticed Jorgrun
 40011 | Swamp:3  | Killed Jorgrun
 40040 | Swamp:3  | Reached skill level 14 in Spellcasting
 40253 | Swamp:3  | Reached skill level 15 in Conjurations
 41408 | Swamp:3  | Reached skill level 13 in Evocations
 41859 | Swamp:4  | Entered Level 4 of the Swamp
 42631 | Swamp:4  | Reached skill level 18 in Fire Magic
 42853 | Swamp:4  | HP: 26/132 [alligator[a spriggan druid] (23)]
 42853 | Swamp:4  | HP: 12/132 [alligator[a spriggan druid] (7)]
 42908 | Swamp:4  | HP: 25/132 [lindwurm/blast of flame (4)]
 43018 | Swamp:3  | HP: 29/132 [alligator[an alligator] (7)]
 43934 | Swamp:4  | Noticed Aizul
 43965 | Swamp:4  | Killed Aizul
 44308 | Swamp:4  | Got a decaying rune of Zot
 44485 | Spider:1 | Entered Level 1 of the Spider Nest
 45080 | Spider:1 | Reached skill level 16 in Conjurations
 45090 | Spider:1 | Reached XP level 18. HP: 74/139 MP: 8/36
 47277 | Spider:2 | Reached skill level 19 in Fire Magic
 48316 | Spider:3 | Noticed Arachne
 48462 | Spider:3 | Noticed Donald
 48466 | Spider:3 | Killed Donald
 48914 | Spider:3 | Noticed Bai Suzhen
 48934 | Spider:3 | HP: 29/139 [entropy weaver (13)]
 49388 | Spider:2 | HP: 32/139 [redback (6)]
 49419 | Spider:2 | HP: 32/139 [redback (7)]
 49421 | Spider:2 | HP: 15/139 [redback (14)]
 49427 | Spider:2 | HP: 20/139 [jumping spider (1)]
 49837 | Spider:2 | Upgraded the game from 0.20-a0-1103-g26be02c to 0.20-a0-1109-ge3cd172
 50799 | Spider:2 | Reached skill level 15 in Spellcasting
 51778 | Spider:3 | Killed from afar by Bai Suzhen

Vault maps used:
D:1:      elethiomel_arrival_shortcut, nicolae_ashenzari_panopticon
D:2:      nicolae_overflow_hidden_temple, chequers_ecumenical_altar_island
D:3:      cheibriados_altar_1, nicolae_overflow_crystal_walls,
          minmay_misc_feat_rows, st_stairs_13
D:4:      lightli_temple_of_fire, lemuel_crystal_altar, lemuel_doored_altar,
          minmay_temple_entry_statues_pillars, first_bread
D:5:      nicolae_qazlal_style_of_elements
D:6:      kennysheep_mini
D:7:      nicolae_ru_the_path_less_chosen, grunt_temple_overflow_open,
          grunt_ogre_cave
D:8:      corexii_shack_village, marbit_many_paths, tgw_sif, serial_bayou,
          serial_bayou_crossing, serial_bayou_shore_b, serial_bayou_pond_d,
          serial_bayou_pond_b, minivault_11
D:9:      serial_shops, nicolae_shop_stone, nicolae_shop_trees, shop_fountains,
          shop, minivault_22, st_stairs_7
D:10:     minmay_the_grid_triangle_9x9_rhombus_thin_mashed
D:11:     erik_lair_orcish_takeover, serial_shops, shop, uniq_urug, uniq_sonja
D:12:     david_orc_2, statue_in_the_mist_lemuel, ice2_lemuel, uniq_fannar
D:13:     hangedman_vaults_entry_quadrant_bands, serial_shops, shop,
          nicolae_wwwww, lemuel_statue_altar
D:14:     basic_altar, minmay_tree_intersection
D:15:     gammafunk_depths_entry_grave, minmay_misc_feat_diagonals,
          uniq_josephine, uniq_azrael, uniq_nessos
Lair:1:   cheibrodos_lair_reptile_den
Lair:2:   st_stairs_6, columned_hall_lemuel, grunt_megastairs_4,
          lemuel_fruit_tree
Lair:3:   nicolae_spider_entry_orb_guardian, lab_entry_generic,
          serial_bayou_shore_b, grunt_megastairs_5, uniq_gastronok
Lair:4:   swamp_mist, serial_bayou_shore_a
Lair:5:   serial_bayou_ford_a, infiniplex_staircase_pool
Lair:6:   hangedman_lair_tendril_chambers, slime_dummy, minmay_another_anthill
Swamp:1:  evilmike_swamp_ruin_house_4, uniq_frances
Swamp:2:  nicolae_swamp_feature_on_the_river_bank, uniq_nikola
Swamp:3:  evilmike_swamp_ruin_house_5, swamp_pool3, nicolae_swamp_dense_foliage,
          uniq_jorgrun
Swamp:4:  swamp_alternative, swamp_pool2, infiniplex_staircase_pool_2,
          uniq_louise, uniq_aizul
Spider:1: nicolae_spider_mines_3
Spider:3: uniq_roxanne, uniq_donald, uniq_arachne, uniq_asterion,
          uniq_bai_suzhen
Orc:1:    portal_ice_cave_entry_pillars_1, david_defended_altar_orc
Orc:2:    pf_orc_diabolical, serial_shops, shop, roderic_batcave,
          hangedman_feature_mirror
IceCv:    ice_cave_caverns_01

Skill      XL: |  1  2  3  4  5  6  7  8  9 10 11 12 13 14 15 16 17 18 |
---------------+-------------------------------------------------------+-----
Conjurations   | 2 3 4 5 6 8 10 11 12 13 14 16 | 16.9
Spellcasting   | 3 4 5 7 8 10 11 12 13 14 15 | 15.0
Fire Magic     | 4 6 7 9 10 12 13 14 16 17 18 19 | 19.5
Shields        | 7 |  7.1
Dodging        | 5 6 |  6.6
Fighting       | 5 7 |  7.4
Evocations     | 3 6 8 10 11 12 13 | 13.9
Stealth        | |  1.7

Action                   |  1- 3 |  4- 6 |  7- 9 | 10-12 | 13-15 | 16-18 || total
-------------------------+-------+-------+-------+-------+-------+-------++-------
Melee: Mace              |    12 |       |       |       |       |       ||    12
       Unarmed           |     1 |       |       |       |       |       ||     1
       Tailslap          |     1 |       |     4 |       |       |       ||     5
       Falchion          |       |       |    57 |       |       |       ||    57
       Hunting sling     |       |       |       |     3 |       |     2 ||     5
 Fire: Hunting sling     |    16 |    97 |   125 |   164 |   306 |   345 ||  1053
Throw: Stone             |     2 |       |    10 |       |       |       ||    12
 Cast: Flame Tongue      |    65 |    77 |   143 |   370 |   771 |   643 ||  2069
       Sticky Flame      |       |     1 |    33 |    91 |   194 |    91 ||   410
       Fireball          |       |       |     4 |    40 |    91 |    61 ||   196
       Summon Butterflie |       |       |       |     1 |       |       ||     1
       Mephitic Cloud    |       |       |       |     3 |     5 |       ||     8
       Bolt of Fire      |       |       |       |       |    84 |   293 ||   377
       Orb of Destructio |       |       |       |       |    39 |    63 ||   102
       Fire Storm        |       |       |       |       |       |     6 ||     6
 Abil: Breathe Fire      |       |       |       |     1 |     2 |     4 ||     7
Evoke: Wand              |       |       |       |       |     6 |    11 ||    17
       Lamp of fire      |       |       |       |       |     1 |     2 ||     3
       Sack of spiders   |       |       |       |       |       |     8 ||     8
       Crystal ball of e |       |       |       |       |       |     4 ||     4
       Box of beasts     |       |       |       |       |       |     7 ||     7
       Fan of gales      |       |       |       |       |       |     1 ||     1
  Use: Scroll            |       |       |    11 |    14 |    13 |    14 ||    52
       Potion            |       |       |     2 |     3 |     8 |    11 ||    24
 Stab: Invisible         |       |       |     1 |       |       |       ||     1
  Eat: Bread ration      |     1 |       |       |       |     1 |    12 ||    14
       Chunk             |    12 |    13 |    23 |    46 |    86 |    83 ||   263
       Royal jelly       |       |       |       |       |     3 |     3 ||     6
       Fruit             |       |       |       |       |     5 |     9 ||    14
       Meat ration       |       |       |       |       |     1 |     5 ||     6
Armor: Skin              |    12 |    20 |    93 |    50 |   113 |   281 ||   569
Dodge: Dodged            |    27 |    29 |    98 |   122 |   278 |   481 ||  1035
Block: Buckler           |       |       |       |    72 |   165 |   282 ||   519
       Rpst.: Falchion   |       |       |     8 |       |       |       ||     8

Vault maps used:
D:1:      elethiomel_arrival_shortcut, nicolae_ashenzari_panopticon
D:2:      nicolae_overflow_hidden_temple, chequers_ecumenical_altar_island
D:3:      cheibriados_altar_1, nicolae_overflow_crystal_walls,
          minmay_misc_feat_rows, st_stairs_13
D:4:      lightli_temple_of_fire, lemuel_crystal_altar, lemuel_doored_altar,
          minmay_temple_entry_statues_pillars, first_bread
D:5:      nicolae_qazlal_style_of_elements
D:6:      kennysheep_mini
D:7:      nicolae_ru_the_path_less_chosen, grunt_temple_overflow_open,
          grunt_ogre_cave
D:8:      corexii_shack_village, marbit_many_paths, tgw_sif, serial_bayou,
          serial_bayou_crossing, serial_bayou_shore_b, serial_bayou_pond_d,
          serial_bayou_pond_b, minivault_11
D:9:      serial_shops, nicolae_shop_stone, nicolae_shop_trees, shop_fountains,
          shop, minivault_22, st_stairs_7
D:10:     minmay_the_grid_triangle_9x9_rhombus_thin_mashed
D:11:     erik_lair_orcish_takeover, serial_shops, shop, uniq_urug, uniq_sonja
D:12:     david_orc_2, statue_in_the_mist_lemuel, ice2_lemuel, uniq_fannar
D:13:     hangedman_vaults_entry_quadrant_bands, serial_shops, shop,
          nicolae_wwwww, lemuel_statue_altar
D:14:     basic_altar, minmay_tree_intersection
D:15:     gammafunk_depths_entry_grave, minmay_misc_feat_diagonals,
          uniq_josephine, uniq_azrael, uniq_nessos
Lair:1:   cheibrodos_lair_reptile_den
Lair:2:   st_stairs_6, columned_hall_lemuel, grunt_megastairs_4,
          lemuel_fruit_tree
Lair:3:   nicolae_spider_entry_orb_guardian, lab_entry_generic,
          serial_bayou_shore_b, grunt_megastairs_5, uniq_gastronok
Lair:4:   swamp_mist, serial_bayou_shore_a
Lair:5:   serial_bayou_ford_a, infiniplex_staircase_pool
Lair:6:   hangedman_lair_tendril_chambers, slime_dummy, minmay_another_anthill
Swamp:1:  evilmike_swamp_ruin_house_4, uniq_frances
Swamp:2:  nicolae_swamp_feature_on_the_river_bank, uniq_nikola
Swamp:3:  evilmike_swamp_ruin_house_5, swamp_pool3, nicolae_swamp_dense_foliage,
          uniq_jorgrun
Swamp:4:  swamp_alternative, swamp_pool2, infiniplex_staircase_pool_2,
          uniq_louise, uniq_aizul
Spider:1: nicolae_spider_mines_3
Spider:3: uniq_roxanne, uniq_donald, uniq_arachne, uniq_asterion,
          uniq_bai_suzhen
Orc:1:    portal_ice_cave_entry_pillars_1, david_defended_altar_orc
Orc:2:    pf_orc_diabolical, serial_shops, shop, roderic_batcave,
          hangedman_feature_mirror
IceCv:    ice_cave_caverns_01

Table legend:
 A = Turns spent in this place as a percentage of turns spent in the entire game.
 B = Non-inter-level travel turns spent in this place as a percentage of non-inter-level travel turns spent in the entire game.
 C = Inter-level travel turns spent in this place as a percentage of turns spent in this place.
 D = Turns resting spent in this place as a percentage of non-inter-level travel turns spent in this place.
 E = Turns spent auto-exploring this place as a percentage of non-inter-level travel turns spent in this place.
 F = Non-inter-level travel turns spent in this place divided by the number of levels of this place that you've seen.
                   A       B       C       D       E      F
               +-------+-------+-------+-------+-------+----------------------
         Total | 100.0 | 100.0 |   1.0 |   9.1 |  10.1 | 352.5
       Dungeon |  41.8 |  41.6 |   1.3 |   7.6 |  12.6 | 303.4
          Lair |  20.3 |  20.3 |   0.8 |   7.1 |   7.7 | 369.5
         Swamp |  16.6 |  16.7 |   0.5 |  12.4 |   7.2 | 456.5
   Spider Nest |  11.2 |  11.2 |   1.0 |  11.7 |   8.3 | 409.0
  Orcish Mines |   7.5 |   7.6 |   0.7 |  10.5 |  13.1 | 413.5
      Ice Cave |   2.5 |   2.6 |   0.0 |  10.3 |   6.4 | 281.0
               +-------+-------+-------+-------+-------+----------------------

Table legend:
 A = Kills in this place as a percentage of kills in entire the game.
 B = Kills by you in this place as a percentage of kills by you in the entire game.
 C = Kills by friends in this place as a percentage of kills by friends in the entire game.
 D = Other kills in this place as a percentage of other kills in the entire game.
 E = Experience gained in this place as a percentage of experience gained in the entire game.
 F = Experience gained in this place divided by the number of levels of this place that you have seen.
                   A       B       C       D       E      F
               +-------+-------+-------+-------+-------+----------------------
         Total | 100.0 | 100.0 | 100.0 | 100.0 | 100.0 | 11341.7
       Dungeon |  36.6 |  37.1 |   0.0 |   0.0 |  20.3 | 4752.5
          Lair |  19.1 |  19.3 |   0.0 |  25.0 |  20.1 | 11772.8
         Swamp |  15.3 |  15.0 |  20.0 |  75.0 |  28.6 | 25160.2
   Spider Nest |  14.4 |  13.7 |  80.0 |   0.0 |  19.9 | 23343.0
  Orcish Mines |  10.7 |  10.8 |   0.0 |   0.0 |   7.0 | 12259.0
      Ice Cave |   4.0 |   4.1 |   0.0 |   0.0 |   4.1 | 14480.0
               +-------+-------+-------+-------+-------+----------------------
